 Dungeon Crawl Stone Soup version 0.30.1-9-gdf580d7c3d (webtiles) character file.

Game seed: 1621641887797771381

20 KittyFluff the Trooper (level 2, -2/19 HPs)
             Began as a Gargoyle Berserker on Oct 20, 2023.
             Was a Follower of Trog.
             Frozen to death by an endoplasm (4 damage)
             ... on level 1 of the Dungeon.
             The game lasted 00:01:41 (370 turns).

KittyFluff the Trooper (Gargoyle Berserker)          Turns: 370, Time: 00:01:42

Health: -2/19      AC:  5    Str: 20    XL:     2   Next: 79%
Magic:  2/2        EV: 12    Int:  7    God:    Trog [*.....]
Gold:   0          SH:  0    Dex:  9    Spells: 1/1 levels left

rFire   . . .        a - +0 mace
rCold   . . .        (no shield)
rNeg    + . .        b - +0 animal skin
rPois   ∞            (no helmet)
rElec   +            (no cloak)
rCorr   .            (no gloves)
SInv    .            (no boots)
Will    .....        (no amulet)
Stlth   +            (no ring)
HPRegen 0.23/turn    (no ring)
MPRegen 0.08/turn

%: no passive effects
@: no status effects
A: sickness immunity, AC +2, negative energy resistance 1, electricity
resistance, torment resistance 1, petrification resistance
a: Renounce Religion, Berserk


You were on level 1 of the Dungeon.
You worshipped Trog.
Trog was aware of your devotion.
You visited 1 branch of the dungeon, and saw 1 of its levels.

Inventory:

Hand Weapons
 a - a +0 mace (weapon)
Armour
 b - a +0 animal skin (worn)
Scrolls
 e - a scroll of poison {unknown}
 f - a scroll of magic mapping {unknown}
 h - a scroll of identify {unknown}
 j - a scroll of noise {unknown}
Potions
 c - a potion of attraction {unknown}
 d - a potion of brilliance {unknown}
 g - a potion of might {unknown}
 i - a potion of ambrosia {unknown}


   Skills:
 + Level 3.4 Fighting
 * Level 3.3 Maces & Flails
 * Level 2.7 Armour
 + Level 1.8 Dodging


You had one spell level left.
You didn't know any spells.
Your spell library was empty.

Dungeon Overview and Level Annotations

Branches:
Dungeon (1/15)

Altars:


Innate Abilities, Weirdness & Mutations

You are immune to sickness and miasma.
Your stone body is resilient. (AC +2)
You are immune to poison.
You resist negative energy. (rN+)
You are resistant to electric shocks. (rElec)
You are resistant to unholy torment.
You are immune to petrification.


Message History

You barely miss the kobold.
The kobold is moderately wounded.
The kobold barely misses you. The rat misses you.
You miss the kobold.
The kobold is moderately wounded.
The kobold hits you but does no damage.
The endoplasm jiggles.
The rat barely misses you.
You barely miss the kobold.
The kobold is moderately wounded.
The kobold closely misses you. The rat barely misses you.
The rat bites you but does no damage.
The kobold hits you with a +2 dagger of venom.
You hit the kobold.
You kill the kobold!
Trog accepts your kill. The rat barely misses you.
You barely miss the endoplasm. The endoplasm freezes you.
You are frozen.
The rat bites you but does no damage.
You hit the endoplasm.
The endoplasm is heavily wounded.
The endoplasm freezes you.
You are frozen.
* * * LOW HITPOINT WARNING * * *
The rat bites you.
* * * LOW HITPOINT WARNING * * *
You hit the endoplasm.
The endoplasm is almost dead.
The endoplasm hits you but does no damage.
The rat bites you.
* * * LOW HITPOINT WARNING * * *
The rat bites you but does no damage. The endoplasm freezes you.
You are frozen.
* * * LOW HITPOINT WARNING * * *
You fail to use your ability.
The rat barely misses you. The endoplasm freezes you.
You are frozen.
You die...

### #.#####.#.#....#
..### #.# #...#....#
....###.#####........
#................>###
.#..###...........#
..#)# ..######.##.#
###.....#........[#
#....##......##r#.##
....#.#......J@....#
...#. #......##.####
...#...#.....?. ...
...## #####.#.# .....
....# #.#.# .......
#.#.# ....... ...##
....... . .......


You could see an endoplasm and a rat.

Vanquished Creatures
  A dart slug (D:1)
  3 ball pythons (D:1)
  3 bats (D:1)
  An endoplasm (D:1)
  2 giant cockroaches (D:1)
  2 goblins (D:1)
  A hobgoblin (D:1)
  A frilled lizard (D:1)
  2 kobolds (D:1)
16 creatures vanquished.

Notes
Turn   | Place    | Note
-------+----------+-------------------------------------------
     0 | D:1      | KittyFluff the Gargoyle Berserker began the quest for the
                  | Orb.
     0 | D:1      | Reached XP level 1. HP: 14/14 MP: 1/1
   166 | D:1      | Reached XP level 2. HP: 17/19 MP: 2/2
   370 | D:1      | Frozen to death by an endoplasm

Illustrated notes

Levels and vault maps discovered:
D:1:      minmay_arrival_stone_box, layout_basic,
          hangedman_decor_diamond_cutter, minmay_tromino_v2

Action                     || total
---------------------------++-------
  Melee: Mace              ||    57
 Armour: Animal skin       ||    36
  Dodge: Dodged            ||    51
